 Dungeon Crawl Stone Soup version 0.22-a0-455-ga0624bf (webtiles) character file.

102 GameOver the Conjurer (level 4, -2/54 HPs)
             Began as a Naga Wizard on June 6, 2018.
             Killed from afar by an orc wizard (7 damage)
             ... with a puff of flame
             ... on level 3 of the Dungeon.
             The game lasted 00:09:43 (1709 turns).

GameOver the Conjurer (Naga Wizard)                 Turns: 1709, Time: 00:09:47

Health: -2/54      AC: 22    Str: 10    XL:     4   Next: 78%
Magic:  2/8        EV:  1    Int: 19    God:
Gold:   101        SH:  0    Dex: 14    Spells: 8/9 levels left

rFire    . . .     SeeInvis +   c - +0 dagger (curse)
rCold    . . .     Gourm    .   (no shield)
rNeg     + + +     Faith    .   (armour currently unavailable)
rPois    +         Spirit   .   (helmet currently unavailable)
rElec    .         Reflect  .   (cloak currently unavailable)
rCorr    .         Harm     .   (gloves currently unavailable)
MR       .....     Clarity  +   (no barding) Stlth +++.......NoTele +
                                (no amulet)
HPRegen  0.18/turn              (no ring)
MPRegen  0.11/turn              (no ring)

@: agile, short of breath, tree-form, hasted, very quick
A: large, see invisible, clarity, slow metabolism 1, spit poison 1, evolution 1,
AC +1
a: Spit Poison


You were on level 3 of the Dungeon.
You were not hungry.
You were a tree.
You visited 1 branch of the dungeon, and saw 3 of its levels.

You collected 101 gold pieces.

Inventory:

Hand Weapons
 c - a cursed +0 dagger (weapon)
 j - a +0 short sword
 o - a +2 short sword of holy wrath
 q - a +0 hunting sling
Missiles
 h - 40 sling bullets
Armour
 a - a +0 robe (melded)
 b - a +1 hat (melded)
 p - a +0 leather armour
Jewellery
 s - a +3 ring of protection {unknown}
Scrolls
 e - 2 scrolls of teleportation
Comestibles
 d - 3 rations


   Skills:
 - Level 1.5 Dodging
 - Level 3.0 Stealth
 - Level 3.0 Spellcasting
 + Level 4.4 Conjurations
   Level 1.0 Summonings
   Level 1.0 Translocations


You had 8 spell levels left.
You knew the following spells:

 Your Spells              Type           Power        Failure   Level  Hunger
a - Magic Dart            Conj           ###.         2%          1    None

Your spell library contained the following spells:

 Spells                   Type           Power        Failure   Level  Hunger
 Conjure Flame            Conj/Fire      ##......     19%         3    ###....
 Slow                     Hex            #.......     22%         2    ##.....
 Mephitic Cloud           Conj/Pois/Air  #.......     26%         3    ###....
 Blink                    Tloc           N/A          16%         2    ##.....
 Call Imp                 Summ           #.......     16%         2    ##.....


Dungeon Overview and Level Annotations

Branches:
Dungeon (3/15)

Altars:
Ashenzari
Nemelex Xobeh
Okawaru


Innate Abilities, Weirdness & Mutations

You cannot wear boots.
((Your serpentine skin is tough. (AC +1)))
You have supernaturally acute eyesight. (SInv)
((Armour fits poorly on your strangely shaped body.))
((Your system is resistant to poisons. (rPois)))
((You cover ground very slowly.))
You have a slow metabolism.
You can spit poison.
You possess an exceptional clarity of mind.
You evolve.
((Your movements are less encumbered by armour. (ER -4)))


Message History

Press: ? - help, Shift-Dir - straight line, f/p - orc wizard
Aim: an orc wizard, wielding a dagger and wearing a robe (lightly wounded)
The magic dart hits the orc wizard.
The orc wizard is moderately wounded.
The hobgoblin barely misses you.
An ooze comes into view.
The orc barely misses you. The goblin hits you but does no damage.
The leopard gecko bites you but does no damage.
Casting: Magic Dart (safe; 2% risk of failure)
Confirm with . or Enter, or press ? or * to list all spells.
Aiming: Magic Dart (safe; 2% risk of failure)
Press: ? - help, Shift-Dir - straight line, f/p - orc wizard
Aim: an orc wizard, wielding a dagger and wearing a robe (moderately wounded)
The magic dart hits the orc wizard.
The orc wizard is moderately wounded.
The ooze quivers.
The orc looks more healthy.
The orc wizard gestures at you while chanting.
The puff of flame hits you!
You die...

,,,********,****,,,,,,,****,*** *
,,,* *,,,,,,,.....J...,,,,,,* *
*,******,*,,***#.......#***,*,* *
*,,,,,,,,,,,* #......#* *,*,* *
*,******,**,* ##......## *,*,* *
,*,** *,**,*##........# *,*,***
***,* *,**,*#..g......# *,*,,,*
,*,*** *,**,*#.oro.....#***,**,,,
,,,,,***,**,*#.g♣)......,,,,,,,,,
*,,,,,,,,**,*##.gl.....#***,**,,,
****,******,**##.......# *,***,*
*,* *,,,,...>....#***,* *,* *,*
*****####.....,,,,* *,* ****,**
*..###***** *,* ,,,,,,* *,.#**
*,* ,,,,,,* *,..,* *,* *****,*
*,**,* *,*


You could see an orc wizard, an ooze, an orc, a leopard gecko, a hobgoblin, 2
goblins and a rat.

Vanquished Creatures
  A centaur skeleton (D:2)
  2 adders (D:2)
  2 worms (D:2)
  A dart slug (D:3)
  An orc (D:3)
  2 bats
  4 giant cockroaches
  9 goblins
  8 hobgoblins
  2 jackals (D:1)
  6 kobolds
  A ball python (D:2)
  6 frilled lizards
  3 rats
48 creatures vanquished.

Notes
Turn   | Place    | Note
-------+----------+-------------------------------------------
     0 | D:1      | GameOver the Naga Wizard began the quest for the Orb.
     0 | D:1      | Reached XP level 1. HP: 15/15 MP: 4/4
   177 | D:1      | Reached skill level 2 in Conjurations
   177 | D:1      | Reached XP level 2. HP: 22/22 MP: 1/6
   776 | D:2      | Reached skill level 3 in Conjurations
   776 | D:2      | Reached XP level 3. HP: 13/28 MP: 1/7
   915 | D:2      | You fall through a shaft!
  1007 | D:2      | Found a sparkling altar of Nemelex Xobeh.
  1060 | D:2      | Found a shattered altar of Ashenzari.
  1109 | D:2      | Found an iron altar of Okawaru.
  1114 | D:2      | Reached XP level 4. HP: 36/36 MP: 3/8
  1441 | D:2      | Reached skill level 4 in Conjurations
  1699 | D:3      | Gained mutation: You evolve. [potion of mutation]
  1699 | D:3      | Gained mutation: Your movements are slightly less encumbered by armour. (ER -2) [potion of mutation]
  1699 | D:3      | Gained mutation: You possess an exceptional clarity of mind. [potion of mutation]
  1699 | D:3      | Gained mutation: Your movements are less encumbered by armour. (ER -4) [potion of mutation]
  1709 | D:3      | Killed from afar by an orc wizard

Vault maps used:
D:1:      eino_arrival_water_cross, minmay_misc_feat_cross
D:2:      evilmike_ruin_ashenzari, lemuel_crystal_altar,
          kennysheep_okawaru_gauntlet
D:3:      marbit_many_paths, eino_tiny_chamber, kennysheep_generic_room_13

Skill      XL: |  1  2  3  4 |
---------------+-------------+-----
Conjurations   | 2 3 4 |  4.4
Dodging        | |  1.5
Stealth        | |  3.0
Spellcasting   | |  3.0
Summonings     | |  1.0
Translocations | |  1.0

Action                   |  1- 3 |  4- 6 || total
-------------------------+-------+-------++-------
Melee: Dagger            |     2 |     1 ||     3
       Short sword       |     3 |     5 ||     8
 Cast: Magic Dart        |    45 |    18 ||    63
 Abil: Spit Poison       |    36 |     8 ||    44
  Use: Scroll            |       |     5 ||     5
       Potion            |       |     4 ||     4
 Stab: Sleeping          |     1 |       ||     1
  Eat: Chunk             |     2 |     2 ||     4
Armor: Robe              |     5 |       ||     5
       Skin              |       |    23 ||    23
Dodge: Dodged            |    20 |    14 ||    34

Table legend:
 A = Spawn XP
 B = Non-spawn XP
 C = Spawn XP percentage of total XP
 D = Spawn monster count
 E = Non-spawn monster count
 F = Spawn count percentage of total count
 G = Total turns spent on level
                    A         B        C        D         E        F      G
               +---------+---------+-------+---------+---------+-------+---------
         Total |       0 |     147 |   0.0 |       0 |      48 |   0.0 |  1709
               +---------+---------+-------+---------+---------+-------+---------
           D:1 |       0 |      30 |   0.0 |       0 |      17 |   0.0 |   781
           D:2 |       0 |     107 |   0.0 |       0 |      26 |   0.0 |   857
           D:3 |       0 |      10 |   0.0 |       0 |       5 |   0.0 |    71
               +---------+---------+-------+---------+---------+-------+---------
